 Dungeon Crawl Stone Soup version 0.21.1-1-g345015fe64 (webtiles) character file.

58 Jannitor the Vexing (level 3, 0/20 HPs)
             Began as a Deep Elf Arcane Marksman on June 7, 2018.
             Slain by an adder (4 damage)
             ... on level 2 of the Dungeon.
             The game lasted 00:02:49 (1580 turns).

Jannitor the Vexing (Deep Elf Arcane Marksman)      Turns: 1580, Time: 00:02:50

Health: 0/20       AC:  2    Str:  8    XL:     3   Next: 76%
Magic:  2/8        EV: 13    Int: 17    God:
Gold:   25         SH:  0    Dex: 15    Spells: 4/7 levels left

rFire    . . .     SeeInvis .   a - +0 shortbow
rCold    . . .     Gourm    .   (shield currently unavailable)
rNeg     . . .     Faith    .   e - +0 robe
rPois    .         Spirit   .   (no helmet)
rElec    .         Reflect  .   (no cloak)
rCorr    .         Harm     .   (no gloves)
MR       .....                  (no boots)
Stlth    +.........             (no amulet)
HPRegen  0.06/turn              (no ring)
MPRegen  0.11/turn              (no ring)

@: lethally poisoned (0 -> -6), flying
A: no striking features
a: no special abilities


You were on level 2 of the Dungeon.
You were hungry.

You visited 1 branch of the dungeon, and saw 2 of its levels.

You collected 25 gold pieces.

Inventory:

Hand Weapons
 a - a +0 shortbow (weapon)
Missiles
 d - 21 arrows (quivered)
Armour
 e - a +0 robe (worn)
Scrolls
 b - 2 scrolls of remove curse {unknown}
 k - a scroll of teleportation {unknown}
 m - 4 scrolls of identify {unknown}
 n - a scroll of blinking {unknown}
 o - a scroll of fog {unknown}
 q - a scroll of noise {unknown}
Potions
 g - a potion of ambrosia {unknown}
 j - a potion of brilliance {unknown}
 l - a potion of curing {unknown}
 p - 2 potions of heal wounds {unknown}
Books
 c - a book of Debilitation

   Spells                             Type                      Level
   a - Corona                         Hexes                        1
   b - Slow                           Hexes                        2
   c - Inner Flame                    Hexes/Fire                   3
   d - Portal Projectile              Hexes/Translocation          3
   e - Cause Fear                     Hexes                        4
   f - Leda's Liquefaction            Hexes/Earth                  4
Comestibles
 f - 11 rations
 r - 2 chunks of flesh


   Skills:
 + Level 1.4 Fighting
 + Level 2.8 Bows
 + Level 3.1 Dodging
 + Level 2.5 Spellcasting
 + Level 4.5 Hexes


You had 4 spell levels left.
You knew the following spells:

 Your Spells              Type           Power        Failure   Level  Hunger
a - Corona                Hex            ###....      2%          1    #......
b - Slow                  Hex            ###.....     4%          2    ##.....


Dungeon Overview and Level Annotations

Branches:
Dungeon (2/15)

Altars:
Cheibriados


Message History

You are feeling hungry.
The adder closely misses you. The adder bites you.
You are more poisoned.
The adder poisons you!
Firing (i - inventory):
d - 22 arrows (quivered)
Press: ? - help, Shift-Dir - straight line, f/p - adder
Aim: an adder (softly glowing)
You shoot an arrow.
The arrow hits the adder but does no damage.
You feel sick. The adder bites you.
You are too injured to fight recklessly!
It was a potion of cancellation.
You feel magically purged.
The adder stops glowing.
The adder barely misses you. The adder bites you.
* * * LOW HITPOINT WARNING * * *
It was a potion of flight.
You feel very buoyant.
You fly up into the air.
* * * LOW HITPOINT WARNING * * *
You feel sick. The adder bites you.
You die...

#. ####.....###'# . ##..
#....#...# #.# .
....##.##...#†###.###.
#........##.........
#........####.##...# .
..#.........##...)...
... #.#.....#.#####....
(....#.#..#..#.#........
(...(.S@..#.............
.....#.#$...##.#........
... #.#.#.....#####^...
. #......#### #....
###.#### #...# #.#
###...# #.# #.....( .#
#..#.<# #..#..#


You could see an adder.

Vanquished Creatures
  2 adders (D:2)
  A dart slug (D:1)
  3 leopard geckos (D:2)
  8 bats
  A giant cockroach (D:1)
  2 goblins (D:1)
  2 hobgoblins (D:2)
  7 kobolds
  A ball python (D:1)
  A frilled lizard (D:1)
  10 rats
38 creatures vanquished.

Notes
Turn   | Place    | Note
-------+----------+-------------------------------------------
     0 | D:1      | Jannitor the Deep Elf Arcane Marksman began the quest for the Orb.
     0 | D:1      | Reached XP level 1. HP: 11/11 MP: 5/5
   124 | D:1      | Reached skill level 1 in Fighting
   162 | D:1      | Reached XP level 2. HP: 16/16 MP: 4/6
  1137 | D:2      | Reached XP level 3. HP: 20/20 MP: 6/8
  1337 | D:2      | Found a snail-covered altar of Cheibriados.
  1480 | D:2      | Learned a level 2 spell: Slow
  1580 | D:2      | Slain by an adder

Skill      XL: |  1  2  3 |
---------------+----------+-----
Fighting       | 1 |  1.4
Spellcasting   | 2 |  2.5
Dodging        | 3 |  3.1
Bows           | |  2.8
Hexes          | |  4.5

Action                   || total
-------------------------++-------
 Fire: Shortbow          ||    98
 Cast: Corona            ||    35
       Slow              ||     2
  Use: Potion            ||     2
  Eat: Chunk             ||     2
Armor: Robe              ||    19
Dodge: Dodged            ||    53
